 Dungeon Crawl Stone Soup version 0.29-a0-676-ga64570c9d2 (webtiles) character file.

Game seed: 10604607833281962359

19 runemasterragnar the Shield-Bearer (level 3, 0/11 (31) HPs)
             Began as a Meteoran Fighter on June 24, 2022.
             Was a Follower of Trog.
             Slain by a gnoll
             ... wielding a +0 club
              (3 damage)
             ... on level 2 of the Dungeon.
             The game lasted 00:01:47 (899 turns).

runemasterragnar the Shield-Bearer (MeFi)            Turns: 899, Time: 00:01:48

HP:   0/11 (31)     AC:  7    Str: 19    XL:     3   Next: 11%
MP:   4/4           EV:  9    Int:  9    God:    Trog [*.....]
Gold: 29            SH:  5    Dex: 14    Spells: 2/2 levels left

rFire   . . .      SeeInvis .   a - +0 flail
rCold   . . .      Faith    .   c - +0 buckler
rNeg    . . .      Spirit   .   b - +0 scale mail
rPois   .          Reflect  .   (no helmet)
rElec   .          Harm     .   (no cloak)
rCorr   .          Rampage  .   (no gloves)
Will    .....                   (no boots)
Stlth   ..........              (no amulet)
HPRegen 0.03/turn               (no ring)
MPRegen 0.09/turn               (no ring)

@: glowing, extremely drained
A: sense surroundings 1, otherworldly, glowing, explore regen
a: Renounce Religion, Berserk


You were on level 2 of the Dungeon.
You worshipped Trog.
Trog was aware of your devotion.
You visited 1 branch of the dungeon, and saw 2 of its levels.

You collected 29 gold pieces.

Inventory:

Hand Weapons
 a - a +0 flail (weapon)
Missiles
 j - 5 boomerangs (quivered)
Armour
 b - a +0 scale mail (worn)
 c - a +0 buckler (worn)
Jewellery
 o - an amulet of regeneration
Scrolls
 e - a scroll of fog {unknown}
 f - 2 scrolls of noise {unknown}
 g - 2 scrolls of amnesia {unknown}
 h - a scroll of poison {unknown}
 k - a scroll of enchant weapon {unknown}
 m - a scroll of fear {unknown}
 n - a scroll of enchant armour {unknown}
Potions
 d - a potion of might
 i - a potion of cancellation {unknown}
 l - a potion of haste {unknown}


   Skills:
 + Level 3.5 Fighting
 + Level 3.1 Maces & Flails
 + Level 3.9 Armour
 + Level 1.0 Dodging
 + Level 3.9 Shields


You had 2 spell levels left.
You didn't know any spells.
Your spell library was empty.

Dungeon Overview and Level Annotations

Branches:
Dungeon (2/15) Zot: 686

Altars:
Elyvilon
Trog


Innate Abilities, Weirdness & Mutations

You passively map a small area around you.
You are easily found by Zot.
You glow in the dark.
You regain HP and MP as you explore.


Message History

You open the door.
A gnoll and a goblin come into view.
The gnoll shouts!
The goblin shouts!
You hear a shout!
Found a scroll labelled WENIER JAUDA.
You closely miss the goblin. The goblin hits you with a +0 club.
You hit the goblin.
You kill the goblin!
Trog accepts your kill. The gnoll hits you but does no damage.
You barely miss the gnoll. You block the gnoll's attack.
You hit the gnoll.
The gnoll is moderately wounded.
The gnoll hits you with a +0 club.
You completely miss the gnoll.
The gnoll is moderately wounded.
A gnoll comes into view. It is wielding a +0 flail.
The gnoll hits you but does no damage. x2
You barely miss the gnoll.
The gnoll is moderately wounded.
The gnoll shouts!
The gnoll barely misses you.
A gnoll comes into view. It is wielding a +0 club.
The gnoll shouts!
You hit the gnoll.
The gnoll is severely wounded.
The gnoll hits you but does no damage.
You closely miss the gnoll.
The gnoll is severely wounded.
The gnoll hits you but does no damage.
A kobold comes into view. It is wielding a +0 short sword.
You barely miss the gnoll.
The gnoll is severely wounded.
The gnoll hits you with a +0 club.
* * * LOW HITPOINT WARNING * * *
The gnoll barely misses you.
Unknown command.
You hit the gnoll.
The gnoll is almost dead.
The gnoll hits you with a +0 club.
You die...

#####...####..........#
,
...........+..........
#####...####.......?.,
* , #..## * ....K..
#..# ..... ,, ##.#
*.g.* * * #.# #g#* *
#.### #g# , #...## #@#
#.#..######.##
#.#....(##...### *
#..............#####.#
#...._...............#
###.........##.#######
#......#..##.#
######....##.#
#.##.##.#


You could see 3 gnolls and a kobold.

Vanquished Creatures
  An endoplasm (D:2)
  2 goblins
  4 hobgoblins (D:1)
  4 ball pythons (D:1)
  A bat (D:1)
  2 frilled lizards (D:1)
  3 kobolds (D:1)
  2 rats
19 creatures vanquished.

Notes
Turn   | Place    | Note
-------+----------+-------------------------------------------
     0 | D:1      | runemasterragnar the Meteoran Fighter began the quest for
                  | the Orb.
     0 | D:1      | Reached XP level 1. HP: 19/19 MP: 2/2
   210 | D:1      | Reached XP level 2. HP: 22/26 MP: 3/3
   378 | D:1      | Found a faded altar of an unknown god.
   389 | D:1      | Prayed at the altar of an unknown god.
   389 | D:1      | Became a worshipper of Trog the Wrathful
   389 | D:1      | Reached * piety under Trog
   492 | D:1      | Glimpsed the power of Zot.
   541 | D:1      | Glimpsed the power of Zot.
   580 | D:1      | Glimpsed the power of Zot.
   589 | D:1      | Glimpsed the power of Zot.
   590 | D:1      | Touched by the power of Zot.
   691 | D:1      | Glimpsed the power of Zot.
   741 | D:1      | Glimpsed the power of Zot.
   781 | D:1      | Glimpsed the power of Zot.
   790 | D:1      | Touched by the power of Zot.
   801 | D:2      | Reached skill level 1 in Dodging
   801 | D:2      | Reached XP level 3. HP: 7/10 MP: 4/4
   849 | D:2      | Found a white marble altar of Elyvilon.
   899 | D:2      | Slain by a gnoll

Illustrated notes

Levels and vault maps discovered:
D:1:      lightli_arrival_noodles, layout_loops_corners,
          ebering_ecumenical_altar_petrified
D:2:      layout_loops_corners, basic_altar, uniq_terence

Skill      XL: |  1  2 |
---------------+-------+-----
Maces & Flails | 3 |  3.1
Dodging        | 1 |  1.0
Fighting       | |  3.5
Armour         | |  3.9
Shields        | |  3.9

Action                   || total
-------------------------++-------
Melee: Flail             ||    46
Armor: Scale mail        ||    18
Dodge: Dodged            ||    10
Block: Buckler           ||     9

Table legend: (Time is in decaauts)
 A = Elapsed time spent in this place.
 B = Non-inter-level travel time spent in this place.
 C = Inter-level travel time spent in this place.
 D = Time resting spent in this place.
 E = Time spent auto-exploring this place.
 F = Levels seen in this place.
 G = Mean time per level.
                   A        B        C        D        E       F      G
               +--------+--------+--------+--------+--------+-----+--------+
         Total |    912 |    873 |     39 |      0 |    648 |   2 |  456.0 |
       Dungeon |    912 |    873 |     39 |      0 |    648 |   2 |  456.0 |
               +--------+--------+--------+--------+--------+-----+--------+

Top non-repeatable levels by time:
     D:1: 803 daAuts
     D:2: 108 daAuts
